Map: Cactus Valley LE (Void)

Players

ArchangeL

  • Race: Terran Terran
  • League: Grandmaster
  • Spawn Location: 5:00

Railgan - Winner!

  • Race: Zerg Zerg
  • League: Grandmaster
  • Spawn Location: 1:00

VOD

Have the link to the VOD?

Description

Time

  • Played on: March 15, 2017, 3 p.m.
  • Length: 11:37
Show
View Real Time Build Order
Export as new Build Order

ArchangeL Terran 

Build Orders: Reaper Expand, MMM Bio 

Get SALT Encoding   

  12  0:00  SCV  
  13  0:12  SCV  
  14  0:18  Supply Depot  
  14  0:24  SCV  
  15  0:39  SCV  
  15  0:40  Barracks  
  16  0:51  SCV  
  16  0:54  Refinery  
  17  1:03  SCV  
  18  1:18  SCV  
  19  1:33  Orbital Command  
  19  1:39  Reaper  
  20  1:42  Command Center  
  20  1:53  Barracks  
  20  1:59  SCV  
  21  2:06  Supply Depot  
  21  2:11  SCV  
  21  2:12  Barracks Reactor  
  22  2:23  Refinery, SCV  
  23  2:35  SCV  
  23  2:36  Factory  
  24  2:46  Barracks Tech Lab  
  24  2:47  SCV  
  24  2:48  Marine x2  
  27  2:54  Orbital Command  
  27  3:00  SCV  
  27  3:05  Marine  
  29  3:06  Marine  
  29  3:07  Stimpack  
  29  3:08  Marine  
  31  3:17  SCV  
  32  3:20  SCV  
  32  3:22  Marine  
  34  3:27  Starport  
  34  3:29  SCV  
  36  3:34  Factory Reactor, SCV  
  36  3:35  Marine x2  
  38  3:41  Supply Depot  
  38  3:43  SCV  
  38  3:44  Marine  
  38  3:47  SCV  
  41  3:52  Marine  
  41  3:53  Marine  
  43  3:56  SCV  
  43  3:59  SCV  
  45  4:07  Marine  
  45  4:09  SCV  
  47  4:10  Marine  
  47  4:11  Marine  
  49  4:21  SCV x2  
  47  4:24  Medivac x2  
  47  4:25  Marine  
  47  4:29  Marine x2  
  53  4:33  SCV  
  54  4:41  SCV  
  54  4:53  Marine x3, SCV x2  
  54  4:56  Supply Depot  
  54  4:57  Supply Depot  
  59  5:05  SCV  
  60  5:08  SCV  
  60  5:10  Marine  
  62  5:17  Marine x2, Factory Reactor  
  62  5:18  SCV  
  62  5:19  Barracks  
  62  5:28  Marine  
  58  5:40  Marine, SCV x2  
  58  5:41  Marine  
  61  5:42  Medivac  
  61  5:46  Barracks, Command Center  
  61  5:47  Barracks  
  63  5:50  Combat Shields  
  63  5:52  SCV x2  
  65  5:58  Refinery  
  65  5:59  Factory Reactor, Refinery  
  65  6:04  SCV x2  
  65  6:08  Supply Depot  
  65  6:09  Marine x3  
  69  6:16  SCV x2  
  68  6:28  SCV x2  
  70  6:40  Starport Reactor, SCV x2  
  70  6:43  Marine x2  
  70  6:44  Marine  
  70  6:45  Barracks Reactor  
  75  6:52  SCV x2  
  75  6:53  Factory Reactor  
  77  6:55  Engineering Bay  
  77  6:56  Engineering Bay  
  77  7:02  Marine x3  
  77  7:03  Marine x2  
  77  7:04  SCV  
  77  7:05  SCV  
  77  7:07  Orbital Command  
  82  7:17  SCV  
  82  7:18  Marine  
  82  7:19  Marine x3  
  82  7:20  Marine x2  
  82  7:21  Medivac, Factory Tech Lab  
  82  7:22  Medivac, SCV  
  93  7:28  Marine  
  93  7:29  Marine x2, SCV  
  97  7:31  Terran Infantry Weapons Level 1  
  97  7:34  Refinery  
  97  7:36  Marine x2  
  98  7:39  Marine x2, Terran Infantry Armor Level 1  
  101  7:47  Supply Depot  
  101  7:48  Siege Tank  
  98  8:04  Marine x3  
  98  8:05  Marine x5  
  103  8:07  Marine, Armory  
  103  8:08  Medivac x2  
  103  8:11  Orbital Command  
  104  8:17  Armory  
  92  8:22  Marine x7  
  99  8:27  Marine  
  99  8:28  Marine  
  99  8:33  Supply Depot x2  
  101  8:35  Supply Depot  
  96  8:47  Orbital Command  
  87  8:51  Supply Depot x2  
  87  8:55  Marine x6  
  93  8:56  Marine x3  
  96  9:06  Supply Depot  
  96  9:08  Supply Depot  
  99  9:12  Marine  
  97  9:19  Marine x7  
  97  9:21  Supply Depot  
  97  9:22  Supply Depot  
  104  9:24  SCV  
  104  9:25  SCV x2  
  104  9:30  Marine  
  108  9:44  SCV x3  
  111  9:48  Marine, Siege Tank  
  111  9:50  Marine x2  
  111  9:51  Marine  
  118  9:54  Marine x4  
  118  9:56  SCV  
  123  10:00  Marine  
  122  10:12  Marine x5  
  122  10:13  Marine x3  
  113  10:20  Siege Tank  
  116  10:27  Factory  
  116  10:30  Marine x7  
  116  10:31  Marine x2  
  116  10:32  Refinery  
  116  10:33  Refinery  
  125  10:37  Supply Depot  
  125  10:39  Medivac x2  
  125  10:41  Missile Turret x2  
  129  10:48  Marine x2  
  129  10:49  Marine x3, Sensor Tower  
  134  10:50  Marine, Command Center  
Show
View Real Time Build Order
Export as new Build Order

Railgan Zerg - Winner!

Build Orders: Pool First, Lurkers 

Get SALT Encoding   

  12  0:01  Drone  
  13  0:12  Overlord  
  13  0:17  Drone  
  14  0:30  Drone x2  
  14  0:34  Drone  
  17  0:46  Spawning Pool  
  17  0:48  Drone  
  17  0:56  Drone  
  18  1:11  Drone  
  18  1:12  Extractor  
  18  1:24  Hatchery  
  17  1:27  Drone  
  17  1:32  Queen  
  18  1:33  Zergling x2  
  18  1:38  Drone  
  22  1:52  Overlord  
  22  2:10  Queen  
  22  2:13  Drone x2  
  26  2:28  Drone  
  26  2:32  Metabolic Boost  
  26  2:34  Drone  
  26  2:36  Queen  
  29  2:41  Drone  
  29  2:43  Overlord  
  30  2:44  Drone x2  
  32  2:52  Zergling x4  
  32  2:56  Drone  
  32  2:58  Drone  
  36  3:02  Evolution Chamber  
  35  3:07  Drone  
  36  3:15  Drone  
  36  3:18  Drone x2  
  39  3:20  Drone  
  39  3:22  Overlord  
  39  3:24  Zergling x4  
  42  3:27  Drone  
  42  3:28  Zerg Ground Armor Level 1  
  42  3:31  Drone  
  44  3:34  Extractor  
  44  3:38  Drone, Overlord  
  44  3:40  Extractor  
  43  3:47  Drone  
  43  3:48  Drone x4  
  47  4:11  Drone x5  
  47  4:15  Drone  
  47  4:16  Lair  
  53  4:17  Extractor  
  53  4:19  Drone x2  
  53  4:23  Drone x2  
  55  4:27  Zergling x2  
  56  4:37  Overlord  
  56  4:38  Zergling x6  
  56  4:42  Zergling x2  
  56  4:43  Zergling x2  
  57  4:54  Queen  
  57  4:55  Zergling x8  
  63  5:04  Overlord  
  63  5:07  Zergling x4  
  63  5:09  Zergling x6  
  68  5:20  Overlord  
  68  5:23  Zergling x2  
  68  5:26  Zergling x2  
  68  5:27  Zergling x6  
  65  5:34  Queen  
  65  5:35  Queen  
  63  5:41  Zergling x2  
  66  5:43  Zerg Ground Armor Level 2  
  66  5:45  Drone x2  
  66  5:48  Hydralisk Den  
  67  5:50  Drone x6  
  67  5:55  Overlord  
  73  5:58  Hatchery  
  73  6:02  Drone  
  73  6:09  Zergling x2  
  74  6:13  Zergling x2  
  71  6:21  Hydralisk  
  71  6:22  Hydralisk x5, Muscular Augments  
  71  6:23  Hydralisk  
  79  6:28  Hydralisk  
  79  6:32  Overlord  
  81  6:38  Evolution Chamber  
  80  6:44  Hydralisk x2  
  84  6:49  Hatchery  
  84  6:50  Overlord x2  
  84  6:51  Overlord  
  83  6:54  Hydralisk  
  83  6:58  Hydralisk x2  
  89  7:03  Hydralisk  
  89  7:07  Zerg Missile Weapons Level 1  
  91  7:09  Hydralisk  
  91  7:17  Zergling x2  
  91  7:18  Zergling x6  
  94  7:23  Zergling x6  
  94  7:26  Zergling x2  
  94  7:27  Zergling x2  
  94  7:28  Zergling x4  
  101  7:37  Hydralisk x2  
  101  7:38  Lurker Den  
  105  7:44  Hydralisk  
  107  7:52  Hydralisk  
  107  7:54  Hydralisk x3  
  115  8:05  Hydralisk x3  
  117  8:07  Overlord  
  117  8:08  Overlord  
  117  8:11  Overlord  
  120  8:19  Overlord x2  
  120  8:22  Overlord  
  120  8:30  Hydralisk x3  
  120  8:32  Hydralisk  
  128  8:39  Hydralisk  
  128  8:41  Hydralisk x2  
  118  8:43  Hydralisk  
  118  8:45  Drone  
  118  8:46  Drone  
  118  8:47  Drone  
  121  8:50  Hydralisk  
  123  9:01  Drone x2  
  125  9:04  Zerg Missile Weapons Level 2  
  125  9:07  Pneumatized Carapace  
  125  9:10  Drone  
  125  9:11  Drone  
  127  9:19  Lurker x3  
  127  9:24  Zerg Melee Weapons Level 1, Zergling x2  
  130  9:25  Zergling x8  
  130  9:30  Extractor  
  134  9:34  Extractor, Drone  
  134  9:35  Drone x2  
  136  9:42  Zergling x4  
  138  9:46  Lurker  
  138  9:50  Zergling x2  
  138  9:51  Zergling x6  
  143  9:53  Hatchery  
  142  10:03  Zergling x2  
  142  10:04  Zergling x2  
  144  10:12  Zergling x8  
  144  10:14  Hydralisk  
  144  10:17  Zergling x2  
  144  10:18  Zergling x4  
  148  10:22  Lurker  
  148  10:23  Lurker x4  
  148  10:27  Zergling x16  
  161  10:45  Hydralisk x4  
  156  11:05  Hydralisk x5  
  156  11:06  Hydralisk x4  
Tags
 
Add a new tag
Caveats
  • Supply blocks, unpowered buildings, or Contaminate may cause inaccurate times.
  • Supply counts are checked every 10 seconds.